 Dungeon Crawl Stone Soup version 0.20-a0-710-g71b569a (webtiles) character file.

6961 pkoi the Spear-Bearer (level 11, -3/61 HPs)
             Began as a Merfolk Ice Elementalist on Feb 21, 2017.
             Was a Believer of Hepliaklqana.
             Slain by an orc warrior
             ... wielding a +0 trident
              (11 damage)
             ... on level 9 of the Dungeon.
             The game lasted 00:34:50 (13192 turns).

pkoi the Spear-Bearer (Merfolk Ice Elementalist)   Turns: 13192, Time: 00:34:50

Health: -3/61      AC:  6    Str: 11    XL:     11   Next: 7%
Magic:  4/14       EV: 13    Int: 15    God:    Hepliaklqana [**....]
Gold:   222        SH:  0    Dex: 15    Spells: 6/14 levels left

rFire    . . .     SeeInvis .   D - +1 trident
rCold    . . .     Gourm    .   a - +0 robe
rNeg     . . .     Faith    .   (no shield)
rPois    .         Spirit   .   H - +2 helmet
rElec    .         Reflect  .   (no cloak)
rCorr    .         Harm     .   p - +0 pair of gloves
MR       +....                  (no boots)
Stlth    +++.......             (no amulet)
Regen    0.2/turn               l - ring of protection from magic
MPRegen  0.2/turn               i - ring of stealth

@: lethally poisoned (-3 -> -12), slowed, very slow
A: change form in water, swift swim, stealthy swim, reduced essence
a: Recall Ancestor, Ancestor Identity, Renounce Religion


You were on level 9 of the Dungeon.
You worshipped Hepliaklqana.
Hepliaklqana was pleased with you.
You were near starving.

You visited 1 branch of the dungeon, and saw 9 of its levels.
You also visited: Sewer.

You collected 339 gold pieces.
You spent 117 gold pieces at shops.

Inventory:

Hand Weapons
 g - a +0 bardiche
 D - a +1 trident (weapon)
Armour
 a - a +0 robe (worn)
 o - a +1 hat
 p - a +0 pair of gloves (worn)
 H - a +2 helmet (worn)
Jewellery
 i - a ring of stealth (left hand)
 l - a ring of protection from magic (right hand)
 y - an uncursed ring of protection from magic
Wands
 r - a wand of polymorph (18/24)
 F - a wand of acid (6/15)
Scrolls
 b - a scroll of noise {unknown}
 d - 3 scrolls of amnesia
 h - 3 scrolls of enchant armour
 j - a scroll of fog
 m - 7 scrolls of identify
 q - 5 scrolls of remove curse
 s - 2 scrolls of magic mapping
 v - a scroll of blinking
 z - 5 scrolls of teleportation
 A - a scroll of recharging
 E - 2 scrolls of enchant weapon
Potions
 e - a potion of brilliance
 n - 2 potions of lignification
 t - 2 potions of flight {unknown}
 u - 7 potions of heal wounds
 w - a potion of agility {unknown}
 x - a potion of magic
 B - a potion of ambrosia {unknown}
 C - 2 potions of curing
Comestibles
 c - 5 bread rations
 f - 5 meat rations
 k - 4 royal jellies
 I - 2 fruits


   Skills:
 + Level 12.9 Polearms
 - Level 2.6 Dodging
 - Level 2.1 Stealth
 - Level 2.0 Spellcasting
 + Level 7.4 Conjurations
 - Level 3.5 Charms
 + Level 11.2 Ice Magic


You had 6 spell levels left.
You knew the following spells:

 Your Spells              Type           Power        Failure   Level  Hunger
a - Freeze                Ice            ####         1%          1    #......
b - Ozocubu's Armour      Chrm/Ice       ###.....     3%          3    ###....
c - Throw Icicle          Conj/Ice       ####....     6%          4    #####..


Dungeon Overview and Level Annotations

Branches:
Dungeon (9/15)             Temple (0/1) D:7
   Lair: D:8-11         Orc: D:9-12

Altars:
Cheibriados
Elyvilon
Gozag
Hepliaklqana Ieoh Jian
Kikubaaqudgha
Nemelex Xobeh
Okawaru
Qazlal
Sif Muna
Uskayaw
Xom
The Shining One

Shops:
D:5 }   D:6 (

Annotations:
D:3 Grinder
D:5 Chodeload's ghost, amateur DEWn
D:9 Joseph


Message History

Joseph shoots a sling bullet.
The sling bullet barely misses Jane.
The sling bullet hits the hornet!
The sling bullet freezes the hornet.
The hornet dies!
Jane hits Joseph with a flail!
Casting: Throw Icicle
Confirm with . or Enter, or press ? or * to list all spells.
Okay, then.
Unknown command.
* * * LOW HITPOINT WARNING * * *
You feel sick.
Joseph shoots a sling bullet.
The sling bullet hits Jane!
The sling bullet freezes Jane.
Jane hits Joseph with a flail.
* * * LOW HITPOINT WARNING * * *
You feel sick.
Joseph shoots a sling bullet.
The sling bullet barely misses Jane.
The sling bullet hits the orc warrior.
The sling bullet freezes the orc warrior.
Jane hits Joseph with a flail.
Joseph shoots a sling bullet.
The sling bullet closely misses Jane.
The sling bullet hits the orc warrior but does no damage.
The orc warrior hits you from afar with a trident!
You die...

........#.####(###@##..#
........#.# #.# #.##..#
........#.# #.# #.##..#
#.......#.# #.# #.##..##
#.........# #.# #.##...#
#.####..### #.# #......#
...# #..# #.# ####...#
....##..######.######.###
.....#@R.(o.@..)...<...#
o.@......##############.#
.[.......# ############.#
.........# #............#
......#..# #.#########..#
.....##..###.# #..#
#>..###......# #..######
##.......##### #.......R
######### ##.......


You could see the friendly Jane the knight, Joseph and an orc warrior.

Vanquished Creatures
  A two-headed ogre (D:9)
  2 yaks
  Purgy (Sewer)
  4 orc warriors
  2 ice beasts
  A black bear (D:9)
  A necrophage (D:9)
  7 centaurs
  3 ogres
  2 bullfrogs (D:7)
  A scorpion (D:4)
  4 wights (D:7)
  2 howler monkeys (D:7)
  3 crimson imps
  A quasit (D:7)
  A centaur zombie (D:8)
  A hound (D:7)
  3 orc priests
  2 orc wizards (D:5)
  A bullfrog skeleton (D:9)
  2 iguanas
  5 worker ants
  A killer bee zombie (D:8)
  2 hound skeletons
  A worker ant zombie (D:5)
  Robin (D:4)
  18 adders
  2 gnolls (D:5)
  A shadow imp (D:6)
  An adder zombie (D:5)
  2 worms
  A dart slug (D:1)
  3 leopard geckos
  23 orcs
  4 ball pythons
  A bat zombie (D:2)
  4 giant cockroaches
  16 goblins
  8 hobgoblins
  3 jackals (D:2)
  4 quokkas
  4 bats
  7 frilled lizards
  A jackal skeleton (D:8)
  7 kobolds
  A leopard gecko skeleton (D:4)
  A quokka zombie (D:5)
  4 rats
  A rat zombie (D:2)
172 creatures vanquished.

Vanquished Creatures (collateral kills)
  A two-headed ogre (D:9)
  10 yaks
  A water moccasin (D:9)
  An orc warrior (D:9)
  A black bear (D:9)
  2 ogres
  A scorpion (D:6)
  A wight (D:7)
  2 crimson imps (D:5)
  A jelly (D:9)
  2 orc priests (D:9)
  3 orc wizards
  A gnoll (D:5)
  3 adders
  A shadow imp (D:8)
  A worm (D:7)
  2 leopard geckos (D:8)
  14 orcs
  A giant cockroach (D:7)
49 creatures vanquished.

Vanquished Creatures (others)
  A hornet (D:9)
  3 knights (D:9)
  9 ancestors
13 creatures vanquished.

Grand Total: 234 creatures vanquished

Notes
Turn   | Place    | Note
-------+----------+-------------------------------------------
     0 | D:1      | pkoi the Merfolk Ice Elementalist began the quest for the Orb.
     0 | D:1      | Reached XP level 1. HP: 13/13 MP: 3/3
   325 | D:1      | Reached XP level 2. HP: 19/19 MP: 1/5
  1137 | D:2      | Reached XP level 3. HP: 24/24 MP: 4/6
  1201 | D:2      | Reached skill level 1 in Polearms
  1265 | D:2      | Learned a level 3 spell: Ozocubu's Armour
  1402 | D:2      | Found an ancient bone altar of Kikubaaqudgha.
  1560 | D:3      | Reached skill level 2 in Polearms
  1560 | D:3      | Reached XP level 4. HP: 30/30 MP: 4/7
  1673 | D:3      | Reached skill level 5 in Ice Magic
  2104 | D:3      | Reached skill level 3 in Polearms
  2359 | D:3      | Noticed Grinder
  2500 | D:4      | Found a glowing drain.
  2561 | D:4      | Reached XP level 5. HP: 30/35 MP: 3/8
  2751 | Sewer    | Entered a sewer
  2780 | Sewer    | Noticed Purgy
  2887 | Sewer    | Killed Purgy
  2887 | Sewer    | Reached skill level 5 in Polearms
  2887 | Sewer    | Reached XP level 6. HP: 33/41 MP: 0/9
  3230 | D:4      | Learned a level 4 spell: Throw Icicle
  3251 | D:4      | Noticed Robin
  3333 | D:4      | Found a hazy altar of Hepliaklqana.
  3431 | D:3      | Found a glowing golden altar of the Shining One.
  3516 | D:4      | Reached skill level 1 in Conjurations
  3516 | D:4      | Reached skill level 1 in Charms
  3944 | D:4      | Killed Robin
  3951 | D:4      | Reached XP level 7. HP: 34/46 MP: 4/10
  3959 | D:4      | Found a sparkling altar of Nemelex Xobeh.
  3961 | D:4      | Found an opulent altar of Gozag.
  4015 | D:4      | Became a worshipper of Hepliaklqana the Forgotten
  4390 | D:3      | Reached skill level 6 in Polearms
  4538 | D:5      | Entered Level 5 of the Dungeon
  4802 | D:5      | Noticed Chodeload's ghost (amateur DEWn)
  5204 | D:5      | Reached skill level 7 in Polearms
  5483 | D:5      | Reached XP level 8. HP: 30/46 MP: 11/11
  5614 | D:4      | Upgraded the game from 0.20-a0-700-gbd4582c to 0.20-a0-710-g71b569a
  6475 | D:5      | Reached skill level 8 in Polearms
  6810 | D:5      | Found Yhakuok's Gadget Shop.
  7632 | D:6      | Reached * piety under Hepliaklqana
  7648 | D:6      | Found Yceg's Weapon Boutique.
  7656 | D:6      | Bought a +0 bardiche for 117 gold pieces
  7709 | D:6      | Reached XP level 9. HP: 46/51 MP: 9/12
  7733 | D:6      | Found an ornate altar of the Ieoh Jian Council.
  7903 | D:6      | Reached skill level 9 in Polearms
  8070 | D:7      | Found a hide-covered altar of Uskayaw.
  8111 | D:7      | Found a staircase to the Ecumenical Temple.
  8128 | D:7      | Found a white marble altar of Elyvilon.
  8447 | D:7      | Found an iron altar of Okawaru.
  8545 | D:7      | Found a snail-covered altar of Cheibriados.
  8815 | D:7      | Found a shimmering altar of Xom.
  9074 | D:7      | Reached skill level 5 in Conjurations
  9859 | D:8      | Reached skill level 10 in Polearms
 10152 | D:8      | Reached ** piety under Hepliaklqana
 10153 | D:8      | Remembered your ancestor Jane as a knight
 10315 | D:8      | Found a stormy altar of Qazlal.
 10828 | D:9      | Reached XP level 10. HP: 56/56 MP: 13/13
 10838 | D:9      | Reached skill level 11 in Polearms
 11009 | D:9      | Reached skill level 10 in Ice Magic
 11020 | D:9      | Noticed a two-headed ogre
 11020 | D:9      | Noticed a two-headed ogre
 11114 | D:9      | Noticed Joseph
 11513 | D:8      | Identified a scroll of acquirement
 12044 | D:9      | Killed a two-headed ogre
 12044 | D:9      | Reached skill level 12 in Polearms
 12177 | D:9      | Found an ancient bone altar of Kikubaaqudgha.
 12555 | D:9      | Found a deep blue altar of Sif Muna.
 12672 | D:9      | Killed a two-headed ogre
 12672 | D:9      | Reached XP level 11. HP: 17/61 MP: 5/14
 13188 | D:9      | Paralysed by a hornet for 1 turns
 13192 | D:9      | Slain by an orc warrior

Vault maps used:
D:1:      saegor_arrival_simple_a
D:2:      lemuel_zombie_altar_kikubaaqudgha
D:3:      nicolae_tso_carved_into_rock, uniq_grinder
D:4:      nicolae_overflow_crystal_walls, grunt_temple_overflow_opulence,
          first_bread, gup_sewer_entry_glass, uniq_robin
D:5:      serial_shops, kennysheep_little_box
D:6:      lemuel_crystal_altar, serial_shops, nicolae_shop_statue_plus,
          feat_on_display
D:7:      lemuel_doored_altar, tgw_xom, elyvilon_altar_1, lemuel_round_altar,
          cheibrodos_worm_habitat, minmay_three_doors
D:8:      old_standard_altar
D:9:      led_sif_pool, basic_altar, uniq_joseph
Sewer:    sewer_co_purgy_island

Skill      XL: |  1  2  3  4  5  6  7  8  9 10 |
---------------+-------------------------------+-----
Ice Magic      | 4 5 6 8 9 11 | 11.2
Polearms       | 2 3 5 7 8 10 12 | 12.9
Conjurations   | 1 2 4 5 7 |  7.4
Charms         | 1 2 3 |  3.5
Dodging        | |  2.6
Stealth        | |  2.1
Spellcasting   | |  2.0

Action                   |  1- 3 |  4- 6 |  7- 9 | 10-12 || total
-------------------------+-------+-------+-------+-------++-------
Melee: Unarmed           |     5 |       |       |       ||     5
       Spear             |    30 |   128 |    47 |       ||   205
       Dagger            |     7 |       |       |       ||     7
       Trident           |       |       |   247 |   155 ||   402
       Tailslap          |       |       |     1 |       ||     1
 Cast: Freeze            |    32 |    69 |    77 |     3 ||   181
       Ozocubu's Armour  |       |     1 |     3 |       ||     4
       Throw Icicle      |       |       |     1 |    10 ||    11
Invok: Ancestor Identity |       |       |     2 |       ||     2
       Recall Ancestor   |       |       |     3 |     3 ||     6
       Ancestor Life: Kn |       |       |     1 |       ||     1
  Use: Scroll            |       |     8 |     7 |     3 ||    18
       Potion            |       |     3 |       |       ||     3
 Stab: Sleeping          |     2 |     2 |     8 |       ||    12
       Distracted        |       |     1 |     1 |     1 ||     3
  Eat: Chunk             |     3 |     9 |    18 |     9 ||    39
       Meat ration       |       |       |     1 |       ||     1
Armor: Robe              |    13 |    30 |    49 |     5 ||    97
       Skin              |       |    12 |       |       ||    12
Dodge: Dodged            |    44 |   123 |   184 |    34 ||   385
